 Dungeon Sprint DCSS version 0.24-a0-504-gcfb02b9d07 (webtiles) character file.

Game seed: 10611285090762657512

9638 mopl the Rapturous (level 11, -2/109 HPs)
             Began as a Troll Monk on July 17, 2019.
             Was a Believer of Uskayaw.
             Slain by a demonic crawler (5 damage)
             ... in the Dungeon (Sprint I: "Red Sonja").
             The game lasted 00:07:27 (940 turns).

mopl the Rapturous (Troll Monk)                      Turns: 940, Time: 00:07:28

Health: -2/109     AC: 12    Str: 29    XL:     11   Next: 25%
Magic:  14/24      EV: 10    Int:  4    God:    Uskayaw [**....]
Gold:   139        SH:  0    Dex: 12    Spells: 10/10 levels left

rFire    . . .     SeeInvis +     - Unarmed
rCold    . . .     Gourm    +   (no shield)
rNeg     + + .     Faith    .   r - +2 robe {rN+}
rPois    .         Spirit   .   n - +1 hat of Day {rN+ SInv}
rElec    .         Reflect  .   o - +2 cloak {+Inv}
rCorr    .         Harm     .   (gloves unavailable)
MR       .....     NoTele   +   (boots unavailable)
Stlth    ++........             (no amulet)
HPRegen  0.68/turn              (no ring)
MPRegen  0.19/turn              (no ring)

@: mighty
A: large, unfitting armour, claws 3, deterioration 1, dopey 1, fast metabolism
3, gourmand, regeneration 1, screaming 1, shaggy fur 1, tough skin 3
a: Stomp, Line Pass, Renounce Religion, Evoke Invisibility


You were in the Dungeon.
You worshipped Uskayaw.
Uskayaw was greatly pleased with you.
You were not hungry.

You visited 1 branch You collected 2113 gold pieces.
You spent 1974 gold pieces at shops.

Inventory:

Armour
 n - the +1 hat of Day (worn) {rN+ SInv}
   (You bought it in a shop in the Dungeon)

   It protects you from negative energy.
   It lets you see invisible.
 o - a +2 cloak of invisibility (worn)
 r - a +2 robe of positive energy (worn)
Wands
 j - a wand of random effects (16)
Scrolls
 h - a scroll of blinking
 k - 4 scrolls of identify
 p - 2 scrolls of remove curse {unknown}
 t - a scroll of vulnerability {unknown}
 u - a scroll of amnesia {unknown}
Potions
 a - a potion of brilliance {unknown}
 c - a potion of curing
 e - a potion of haste
 f - 2 potions of magic
 i - 2 potions of flight
 l - 3 potions of lignification {!q}
 m - a potion of cancellation
 q - a potion of mutation {!q}
 s - a potion of agility {unknown}
Comestibles
 b - 14 rations


   Skills:
 - Level 7.4 Fighting
 - Level 2.4 Dodging
 - Level 1.0 Stealth
 - Level 11.9 Unarmed Combat
 + Level 20.2 Invocations


You had 10 spell levels left.
You didn't know any spells.
Your spell library was empty.

Dungeon Overview and Level Annotations

Branches:
Dungeon (1/1)

Altars:
Cheibriados
Dithmenos
Elyvilon
Fedhas
Gozag
Hepliaklqana
Kikubaaqudgha
Makhleb
Nemelex Xobeh
Okawaru
Qazlal
Ru
Sif Muna
Trog
Uskayaw
Vehumet
Wu Jian
Xom
Yredelemnul
Zin
The Shining One
Jiyva
Lugonu

Shops:
D [%****:}=([!((=[(([(


Innate Abilities, Weirdness & Mutations

You are too large for most types of armour.
You have claws for hands.
Your metabolism is lightning-fast.
You like to eat raw meat.
Your natural rate of healing is unusually fast.
You are covered in fur. (AC +1)
You have extremely tough skin. (AC +3)
Your body sometimes deteriorates upon taking damage.
You are dopey. (Int -2)
You occasionally shout uncontrollably at your foes.


Message History

a +0 dagger; a +0 robe You claw the demonic crawler!
The demonic crawler is moderately wounded.
You can now pass through a line of other dancers.
You mangle the demonic crawler!!
The demonic crawler is severely wounded.
The demonic crawler seems less confused.
The demonic crawler barely misses you.
The demonic crawler hits you but does no damage.
The demonic crawler hits you.
* * * LOW HITPOINT WARNING * * *
You claw the demonic crawler!
The demonic crawler is almost dead.
The demonic crawler hits you but does no damage. x2
The demonic crawler hits you.
* * * LOW HITPOINT WARNING * * *
The demonic crawler closely misses you. The demonic crawler hits you.
* * * LOW HITPOINT WARNING * * *
The demonic crawler hits you.
You die...

######################
..').#.)'..#__#.@s.s.#
[.#..'..#..'^.'.s#..†##+#
####'#####'#__####...'..#
###..#...#.####§§#####..+
__####..##(#§§§§§#§.##+##
_____##'#_.+§≈§.§'§.#
_.∩...'..._#§≈§.§#..#
_..__##_(#'##§#####'###
_____###'#.#.[..###.'.#


You could see 3 demonic crawlers.

Vanquished Creatures
  2 centaur warriors (D)
  A deep troll (D)
  2 unseen horrors (D)
  An oklob plant (D)
  8 shining eyes (D)
  2 kobold demonologists (D)
  A demonic crawler (D)
  A hornet (D)
  A slime creature (D)
  2 redbacks (D)
  Sigmund (D)
  A yak (D)
  6 floating eyes (D)
  7 necrophages (D)
  An ogre (D)
  8 jellies (D)
  Ijyb (D)
  4 ballistomycetes (D)
50 creatures vanquished.

Vanquished Creatures (others)
  Sonja (D)
  2 ballistomycete spores (D)
3 creatures vanquished.

Grand Total: 53 creatures vanquished

Notes
Turn   | Place    | Note
-------+----------+-------------------------------------------
     0 | D        | mopl the Troll Monk began the quest for the Orb.
     0 | D        | Reached XP level 1. HP: 22/22 MP: 0/0
     1 | D        | Noticed Ijyb
    16 | D        | Killed Ijyb
    16 | D        | Reached skill level 3 in Fighting
    16 | D        | Reached skill level 5 in Unarmed Combat
    16 | D        | Reached XP level 2. HP: 27/32 MP: 1/1
    26 | D        | Noticed an ogre
    31 | D        | Killed an ogre
    31 | D        | Reached skill level 5 in Fighting
    31 | D        | Reached skill level 8 in Unarmed Combat
    31 | D        | Reached XP level 3. HP: 19/42 MP: 2/2
    31 | D        | Reached XP level 4. HP: 23/50 MP: 3/3
    87 | D        | Noticed Sigmund
    93 | D        | Killed Sigmund
    93 | D        | Reached skill level 6 in Fighting
    93 | D        | Reached skill level 10 in Unarmed Combat
    93 | D        | Reached XP level 5. HP: 49/61 MP: 4/4
   106 | D        | Found a deep blue altar of Sif Muna.
   107 | D        | Found an ornate altar of the Wu Jian Council.
   108 | D        | Found a radiant altar of Vehumet.
   113 | D        | Reached XP level 6. HP: 63/68 MP: 5/5
   144 | D        | Found Tienuu's Assorted Antiques.
   144 | D        | Found an ancient bone altar of Kikubaaqudgha.
   144 | D        | Found a hazy altar of Hepliaklqana.
   144 | D        | Found a stormy altar of Qazlal.
   144 | D        | Found a hide-covered altar of Uskayaw.
   144 | D        | Found a blossoming altar of Fedhas.
   144 | D        | Found a bloodstained altar of Trog.
   144 | D        | Found an iron altar of Okawaru.
   144 | D        | Found a basalt altar of Yredelemnul.
   144 | D        | Found a glowing golden altar of the Shining One.
   144 | D        | Found a snail-covered altar of Cheibriados.
   144 | D        | Found a sacrificial altar of Ru.
   144 | D        | Found a glowing silver altar of Zin.
   144 | D        | Found a shadowy altar of Dithmenos.
   144 | D        | Found a white marble altar of Elyvilon.
   144 | D        | Noticed a yak
   145 | D        | Found an opulent altar of Gozag.
   151 | D        | Killed a yak
   151 | D        | Reached skill level 7 in Fighting
   151 | D        | Reached skill level 11 in Unarmed Combat
   152 | D        | Found a sparkling altar of Nemelex Xobeh.
   158 | D        | Became a worshipper of Uskayaw the Reveler
   158 | D        | Reached * piety under Uskayaw
   162 | D        | Bought a scroll labeled DOUTHR QAEROZEFFOU for 20 gold
                  | pieces
   162 | D        | Bought 2 dark potions for 36 gold pieces
   162 | D        | Bought a scroll labeled DOUTHR QAEROZEFFOU for 20 gold
                  | pieces
   162 | D        | Bought a fuming red potion for 18 gold pieces
   162 | D        | Bought a fizzy white potion for 18 gold pieces
   162 | D        | Bought a scroll labeled DOUTHR QAEROZEFFOU for 20 gold
                  | pieces
   169 | D        | Noticed Sonja
   306 | D        | Noticed a deep troll
   310 | D        | Reached ** piety under Uskayaw
   311 | D        | Killed a deep troll
   311 | D        | Reached skill level 9 in Invocations
   311 | D        | Reached XP level 7. HP: 78/78 MP: 5/12
   322 | D        | Found Lasof's Armour Emporium.
   329 | D        | Bought the +1 hat of Day {rN+ SInv} for 292 gold pieces
   329 | D        | Bought a +2 cloak of invisibility for 258 gold pieces
   374 | D        | Noticed a centaur warrior
   374 | D        | Noticed a centaur warrior
   378 | D        | Killed a centaur warrior
   378 | D        | Reached skill level 11 in Invocations
   378 | D        | Reached XP level 8. HP: 87/87 MP: 10/15
   381 | D        | Reached *** piety under Uskayaw
   383 | D        | Killed a centaur warrior
   383 | D        | Reached skill level 13 in Invocations
   383 | D        | Reached XP level 9. HP: 93/93 MP: 11/18
   383 | D        | Reached **** piety under Uskayaw
   393 | D        | Paralysed by a hornet for 1 turns
   397 | D        | Reached skill level 14 in Invocations
   480 | D        | Noticed an oklob plant
   487 | D        | Killed an oklob plant
   504 | D        | Reached skill level 15 in Invocations
   583 | D        | Noticed an unseen horror
   584 | D        | Noticed an unseen horror
   591 | D        | Killed an unseen horror
   594 | D        | Killed an unseen horror
   594 | D        | Reached skill level 16 in Invocations
   594 | D        | Reached XP level 10. HP: 85/102 MP: 19/21
   626 | D        | Reached ***** piety under Uskayaw
   639 | D        | Reached skill level 17 in Invocations
   661 | D        | Got a steaming glaive
   662 | D        | Identified the +9 glaive of Untruth {chaos, Int+4} (You
                  | found it in the Dungeon)
   670 | D        | Found Duikk's Book Shoppe.
   670 | D        | Found Nyab's Food Shop.
   670 | D        | Found Lieqom's Gadget Boutique.
   673 | D        | Found Lumexut's Jewellery Emporium.
   673 | D        | Found Varill's Antique Weapon Shop.
   673 | D        | Found Zuprec's Armour Shoppe.
   673 | D        | Found Saafeupp's Distillery.
   673 | D        | Found Quz Fas's Weapon Emporium.
   673 | D        | Found Ream's Antique Weapon Shop.
   673 | D        | Found Lemock's Jewellery Shoppe.
   675 | D        | Found Pomif's Armour Boutique.
   676 | D        | Found Dadweus's Weapon Emporium.
   676 | D        | Found Anim's Weapon Boutique.
   677 | D        | Found Asmaopn's Weapon Emporium.
   679 | D        | Bought a potion of mutation for 96 gold pieces
   697 | D        | Bought a ration for 60 gold pieces
   697 | D        | Bought a ration for 60 gold pieces
   697 | D        | Bought a ration for 60 gold pieces
   697 | D        | Bought a ration for 60 gold pieces
   697 | D        | Bought a ration for 60 gold pieces
   697 | D        | Bought a ration for 60 gold pieces
   697 | D        | Bought a ration for 60 gold pieces
   697 | D        | Bought a ration for 60 gold pieces
   697 | D        | Bought a ration for 60 gold pieces
   697 | D        | Bought a ration for 60 gold pieces
   697 | D        | Bought a ration for 60 gold pieces
   697 | D        | Bought a ration for 60 gold pieces
   697 | D        | Bought a ration for 60 gold pieces
   697 | D        | Bought a ration for 60 gold pieces
   735 | D        | Found Juusm's Antique Armour Boutique.
   743 | D        | Bought a glowing robe for 59 gold pieces
   759 | D        | Killed Sonja
   762 | D        | Noticed a shining eye
   762 | D        | Noticed a shining eye
   762 | D        | Noticed a shining eye
   766 | D        | Paralysed by a floating eye for 2 turns
   773 | D        | Paralysed by a floating eye for 3 turns
   779 | D        | Killed a shining eye
   782 | D        | Killed a shining eye
   782 | D        | Reached skill level 18 in Invocations
   790 | D        | Paralysed by a floating eye for 3 turns
   799 | D        | Killed a shining eye
   801 | D        | Noticed a shining eye
   801 | D        | Noticed a shining eye
   801 | D        | Noticed a shining eye
   803 | D        | Gained mutation: You are dopey. (Int -2) [a shining eye]
   807 | D        | Killed a shining eye
   807 | D        | Reached ****** piety under Uskayaw
   809 | D        | Gained mutation: You occasionally shout uncontrollably at
                  | your foes. [a shining eye]
   811 | D        | Gained mutation: Your body sometimes deteriorates upon
                  | taking damage. [a shining eye]
   814 | D        | Killed a shining eye
   814 | D        | Reached skill level 19 in Invocations
   816 | D        | Killed a shining eye
   816 | D        | Reached XP level 11. HP: 107/107 MP: 23/23
   817 | D        | Noticed a shining eye
   817 | D        | Noticed a shining eye
   818 | D        | Killed a shining eye
   819 | D        | Paralysed by a floating eye for 3 turns
   829 | D        | Killed a shining eye
   831 | D        | Found Rinomaqae's Food Shoppe.
   831 | D        | Found Qomeq's Assorted Antiques.
   831 | D        | Found Plog's General Store.
   832 | D        | Found Rarphudu's Assorted Antiques.
   836 | D        | Bought a potion of lignification for 93 gold pieces
   836 | D        | Bought a scroll of identify for 62 gold pieces
   836 | D        | Bought a murky coppery potion for 27 gold pieces
   836 | D        | Bought a fuming emerald potion for 27 gold pieces
   836 | D        | Bought a scroll labeled BOAKAZ KICSE for 31 gold pieces
   836 | D        | Bought a scroll labeled WAUQUMMEHACO for 31 gold pieces
   838 | D        | Bought a scroll labeled ZAOSIM UNTUPH for 26 gold pieces
   871 | D        | Found a viscous altar of Jiyva.
   871 | D        | Found a corrupted altar of Lugonu.
   872 | D        | Found a burning altar of Makhleb.
   872 | D        | Found a shimmering altar of Xom.
   896 | D        | Paralysed by a floating eye for 3 turns
   907 | D        | Reached skill level 20 in Invocations
   940 | D        | HP: 3/109 [demonic crawler (6)]
   940 | D        | Slain by a demonic crawler

Levels and vault maps discovered:
D:        dungeon_sprint_1 [red_sonja_temple_1, red_sonja_temple_small_1]

Skill      XL: |  1  2  3  4  5  6  7  8  9 10 11 |
---------------+----------------------------------+-----
Fighting       | 3 5 6 7 |  7.4
Unarmed Combat | 5 8 10 11 | 11.9
Invocations    | 9 11 13 16 19 20 | 20.2
Dodging        | |  2.4
Stealth        | |  1.0

Action                   |  1- 3 |  4- 6 |  7- 9 | 10-12 || total
-------------------------+-------+-------+-------+-------++-------
Melee: Unarmed           |    18 |    28 |    37 |    85 ||   168
       Punch             |       |     3 |     1 |     9 ||    13
Invok: Stomp             |       |       |       |     1 ||     1
       Line Pass         |       |       |       |     3 ||     3
       Grand Finale      |       |       |       |     1 ||     1
 Abil: Evoke Invisibilit |       |       |     2 |       ||     2
Evoke: Wand              |       |     3 |       |     1 ||     4
  Use: Potion            |       |     1 |     2 |     3 ||     6
       Scroll            |       |       |     4 |       ||     4
 Stab: Invisible         |       |       |     3 |       ||     3
       Sleeping          |       |       |     2 |     1 ||     3
       Paralysed         |       |       |     6 |     6 ||    12
  Eat: Ration            |       |       |     1 |     2 ||     3
Armor: Robe              |     4 |     2 |     6 |    27 ||    39
Dodge: Dodged            |     9 |     5 |    13 |    44 ||    71

Table legend:
 A = Non-vault XP
 B = Vault XP
 C = Vault XP percentage of total XP
 D = Non-vault monster count
 E = Vault monster count
 F = Vault count percentage of total count
                 A         B        C        D         E       F
            +---------+---------+-------+---------+---------+-------
      Total |       0 |   13769 | 100.0 |       0 |      46 | 100.0
            +---------+---------+-------+---------+---------+-------
          D |       0 |   13769 | 100.0 |       0 |      46 | 100.0
            +---------+---------+-------+---------+---------+-------
